 Dungeon Crawl Stone Soup version 0.29-a0-451-gfbfa424 (webtiles) character file.

Game seed: 10180229378599960652

152 Toastz the Shooter (level 5, 0/30 HPs)
             Began as a Deep Elf Arcane Marksman on May 19, 2022.
             Slain by a gnoll
             ... wielding a +0 spear
              (6 damage)
             ... on level 3 of the Dungeon.
             The game lasted 00:09:27 (2633 turns).

Toastz the Shooter (Deep Elf Arcane Marksman)       Turns: 2633, Time: 00:09:29

Health: 0/30       AC:  7    Str:  7    XL:     5   Next: 11%
Magic:  9/9        EV: 13    Int: 18    God:
Gold:   177        SH:  0    Dex: 23    Spells: 3/7 levels left

rFire   . . .      SeeInvis .   a - +0 shortbow
rCold   . . .      Faith    .   (shield currently unavailable)
rNeg    . . .      Spirit   .   b - +0 robe
rPois   .          Reflect  .   o - +0 helmet
rElec   .          Harm     .   (no cloak)
rCorr   .          Rampage  .   (no gloves)
Will    .....                   (no boots)
Stlth   ++........              (no amulet)
HPRegen 0.10/turn               k - +6 ring of dexterity
MPRegen 0.11/turn               l - +4 ring of protection

@: about to teleport
A: no striking features
a: no special abilities


You were on level 3 of the Dungeon.
You visited 1 branch of the dungeon, and saw 3 of its levels.

You collected 177 gold pieces.

Inventory:

Hand Weapons
 a - a +0 shortbow (weapon)
Armour
 b - a +0 robe (worn)
 o - a +0 helmet (worn)
 q - a +0 leather armour
Jewellery
 i - a ring of fire
 k - a +6 ring of dexterity (left hand)
 l - a +4 ring of protection (right hand)
 s - a ring of flight
Wands
 p - a wand of polymorph (11)
 u - a wand of acid (8)
Scrolls
 c - 2 scrolls of vulnerability
 f - a scroll of fog
 g - a scroll of identify
 m - a scroll of poison {unknown}
 r - a scroll of amnesia {unknown}
Potions
 e - 3 potions of brilliance
 h - 2 potions of invisibility
 j - a potion of berserk rage
 n - a potion of degeneration {unknown}
 t - a potion of lignification {unknown}


   Skills:
 + Level 2.1 Fighting
 * Level 5.7 Bows
 - Level 2.4 Dodging
 + Level 1.6 Spellcasting
 - Level 4.0 Hexes
 + Level 1.6 Fire Magic


You had 3 spell levels left.
You knew the following spells:

 Your Spells              Type           Power      Damage    Failure   Level
a - Slow                  Hex            60%        N/A       3%          1
b - Inner Flame           Hex/Fire       11%        N/A       19%         3

Your spell library contained the following spells:

 Spells                   Type           Power      Damage    Failure   Level
 Beastly Appendage        Tmut           2%         N/A       19%         1
 Portal Projectile        Hex/Tloc       16%        N/A       26%         3
 Poisonous Vapours        Pois/Air       2%         N/A       28%         2
 Sublimation of Blood     Necr           1%         N/A       28%         2
 Wereblood                Tmut           1%         N/A       28%         2
 Spider Form              Tmut/Pois      1%         N/A       50%         3
 Cause Fear               Hex            7%         N/A       34%         4
 Corpse Rot               Necr/Pois/Air  1%         N/A       88%         4
 Petrify                  Tmut/Erth      1%         N/A       88%         4
 Irradiate                Conj/Tmut      0%         3d13      99%         5


Dungeon Overview and Level Annotations

Branches:
Dungeon (3/15)

Altars:
Vehumet

Shops:
D:1 [   D:2 :[


Message History

You shoot an arrow. The arrow closely misses the gnoll.
The gnoll shouts!
Shoot: a) +0 shortbow
Press: ? - help, Q - select action, (/) - cycle Shift-Dir - straight line, f/p - gnoll
Aim: a gnoll, wielding a +0 whip (69% to hit)
You shoot an arrow.
The arrow hits the gnoll but does no damage.
The gnoll hits you with a +0 whip. The gnoll barely misses you.
The gnoll attacks as you move away! The gnoll hits you with a +0 whip.
The gnoll attacks as you move away! The gnoll hits you with a +0 whip.
You see here a +0 long sword.
The gnoll attacks as you move away! The gnoll hits you with a +0 whip.
The gnoll attacks as you move away! The gnoll hits you but does no damage.
The gnoll attacks as you move away! The gnoll hits you with a +0 whip.
The gnoll attacks as you move away! The gnoll closely misses you.
The gnoll attacks as you move away! The gnoll hits you with a +0 whip.
* * * LOW HITPOINT WARNING * * *
Shoot: a) +0 shortbow
Press: ? - help, Q - select action, (/) - cycle Shift-Dir - straight line, f/p - gnoll
Aim: a gnoll, wielding a +0 whip (69% to hit)
You shoot an arrow. The arrow barely misses the gnoll.
The arrow hits the gnoll.
The gnoll is heavily wounded.
The gnoll barely misses you.
Shoot: a) +0 shortbow
Press: ? - help, Q - select action, (/) - cycle Shift-Dir - straight line, f/p - gnoll
Aim: a gnoll, wielding a +0 whip (69% to hit)
You shoot an arrow. The arrow hits the gnoll!
The gnoll is almost dead.
The gnoll hits you but does no damage. The gnoll hits you with a +0 whip.
* * * LOW HITPOINT WARNING * * *
Shoot: a) +0 shortbow
Press: ? - help, Q - select action, (/) - cycle Shift-Dir - straight line, f/p - gnoll
Aim: a gnoll, wielding a +0 whip (almost dead, 69% to hit)
You shoot an arrow. The arrow hits the gnoll.
You kill the gnoll!
As you read the scroll of teleportation, it crumbles to dust.
You feel strangely unstable. The gnoll hits you but does no damage.
The gnoll hits you from afar with a +0 spear.
You die...

.........##.##......... ....
...................#.##.....
..........................####
.............#....##.##......
.........#.#.#....##.##.#.#.#
..................##.##.#.#.#####
..................#...#..........
#............>.####.........#....
.......?........@ggg..........#
###...........#####.........###
###....)..[..## #...#..)..#
#............# #...#.....#
..#.#........######...###.#.#
........)...............#.#.#
.............######....††...#
#.##.........# ####...#......
..##.........# #..........#.#


You could see 3 gnolls.

Vanquished Creatures
  Ijyb (D:3)
  Robin (D:3)
  A gnoll (D:3)
  An adder (D:2)
  A worm (D:2)
  A dart slug (D:1)
  An orc (D:2)
  7 ball pythons
  10 bats
  3 endoplasms
  6 giant cockroaches
  6 hobgoblins
  13 jackals
  4 kobolds
  3 quokkas
  2 frilled lizards
  14 goblins
  3 rats
78 creatures vanquished.

Vanquished Creatures (others)
  A fungus (D:1)
1 creature vanquished.

Grand Total: 79 creatures vanquished

Notes
Turn   | Place    | Note
-------+----------+-------------------------------------------
     0 | D:1      | Toastz the Deep Elf Arcane Marksman began the quest for the
                  | Orb.
     0 | D:1      | Reached XP level 1. HP: 11/11 MP: 5/5
    16 | D:1      | Reached skill level 3 in Bows
    53 | D:1      | Reached skill level 1 in Fighting
   110 | D:1      | Reached XP level 2. HP: 14/16 MP: 6/6
   273 | D:1      | Found Berreniu's Antique Armour Boutique.
   317 | D:1      | Reached skill level 4 in Bows
   556 | D:1      | Reached XP level 3. HP: 19/20 MP: 7/7
   629 | D:1      | Found a faded altar of an unknown god.
   800 | D:1      | Learned a level 3 spell: Inner Flame
  1270 | D:2      | Found Dapt's Book Boutique.
  1340 | D:2      | Found Nyisie's Antique Armour Emporium.
  1572 | D:2      | Found a radiant altar of Vehumet.
  1635 | D:2      | Reached skill level 5 in Bows
  1635 | D:2      | Reached XP level 4. HP: 9/26 MP: 6/8
  2115 | D:3      | Reached skill level 1 in Fire Magic
  2131 | D:3      | Noticed Robin
  2368 | D:3      | Killed Robin
  2427 | D:3      | Noticed Ijyb
  2470 | D:3      | Killed Ijyb
  2471 | D:3      | Reached XP level 5. HP: 25/30 MP: 9/9
  2633 | D:3      | Slain by a gnoll

Illustrated notes

Levels and vault maps discovered:
D:1:      dpeg_arrival_round_b, layout_basic, dreamdust_ecumenical_altar_grove,
          serial_shops, shop, minivault_25
D:2:      layout_loops_corners, serial_shops, nicolae_shop_waterfront,
          shop_statue, kennysheep_flooded_box
D:3:      layout_rooms, uniq_robin, uniq_ijyb

Skill      XL: |  1  2  3  4 |
---------------+-------------+-----
Bows           | 3 4 5 |  5.7
Fighting       | 1 2 |  2.1
Fire Magic     | 1 |  1.6
Dodging        | |  2.4
Spellcasting   | |  1.6
Hexes          | |  4.0

Action                   |  1- 3 |  4- 6 || total
-------------------------+-------+-------++-------
Melee: Unarmed           |       |    13 ||    13
 Fire: Shortbow          |   131 |    79 ||   210
 Cast: Slow              |     9 |     1 ||    10
  Use: Scroll            |     5 |     2 ||     7
Armor: Robe              |    18 |    25 ||    43
       Skin              |       |     2 ||     2
Dodge: Dodged            |    52 |    46 ||    98

Table legend: (Time is in decaauts)
 A = Elapsed time spent in this place.
 B = Non-inter-level travel time spent in this place.
 C = Inter-level travel time spent in this place.
 D = Time resting spent in this place.
 E = Time spent auto-exploring this place.
 F = Levels seen in this place.
 G = Mean time per level.
                   A        B        C        D        E       F      G
               +--------+--------+--------+--------+--------+-----+--------+
         Total |   2690 |   2686 |      4 |    680 |   1481 |   3 |  896.7 |
       Dungeon |   2690 |   2686 |      4 |    680 |   1481 |   3 |  896.7 |
               +--------+--------+--------+--------+--------+-----+--------+

Top non-repeatable levels by time:
     D:2: 1440 daAuts
     D:1: 873 daAuts
     D:3: 376 daAuts
